 Dungeon Crawl Stone Soup version 0.19-a0-1291-gc8f5409 (webtiles) character file.

1979 TheGoonsmith the Frost Mage (level 9, -3/55 (57) HPs)
             Began as a Merfolk Ice Elementalist on Aug 30, 2016.
             Was an Initiate of Makhleb.
             Slain by Menkaure (19 damage)
             ... on level 6 of the Dungeon.
             The game lasted 00:11:47 (7778 turns).

TheGoonsmith the Frost Mage (MfIE)                  Turns: 7778, Time: 00:11:48

HP:   -3/55 (57)    AC: 11    Str:  8    XL:     9   Next: 20%
MP:   9/19          EV: 13    Int: 17    God:    Makhleb [......]
Gold: 75            SH:  0    Dex: 15    Spells: 5 memorised, 8 levels left

rFire  . . .     SeeInvis .     q - +0 trident
rCold  . . .     Gourm    .     a - +1 robe
rNeg   . . .     Faith    .     (no shield)
rPois  .         Spirit   .     (no helmet)
rElec  .         Dismiss  .     (no cloak)
rCorr  .         Reflect  .     (no gloves)
MR     .....     Harm     .     d - +1 pair of boots
Stlth  ++........               (no amulet)
                                (no ring)
                                (no ring)

@: icy armour, very slightly contaminated, slow
A: change form in water, swift swim, stealthy swim
a: Renounce Religion


You were on level 6 of the Dungeon.
You worshipped Makhleb.
Makhleb was noncommittal.
You were not hungry.

You visited 2 branches of the dungeon, and saw 7 of its levels.

You collected 128 gold pieces.
You spent 53 gold pieces at shops.

Inventory:

Hand Weapons
 g - a +0 short sword
 i - a +2 dagger of speed
 q - a +0 trident (weapon)
Armour
 a - a +1 robe (worn)
 d - a +1 pair of boots (worn)
Wands
 k - a wand of flame (48/48)
 l - a wand of confusion (35/48)
Scrolls
 h - 3 scrolls of immolation {unknown}
 m - a scroll of remove curse
 o - 2 scrolls of recharging
 r - 5 scrolls of identify
 s - 2 scrolls of random uselessness {unknown}
 u - a scroll of magic mapping
 w - a scroll of amnesia {unknown}
 B - a scroll of teleportation {unknown}
Potions
 e - a potion of berserk rage
 f - 2 potions of agility {unknown}
 n - 3 potions of curing
 t - a potion of haste {unknown}
 v - a potion of heal wounds {unknown}
 x - 2 potions of degeneration {unknown}
 z - a potion of lignification {unknown}
 A - a potion of flight {unknown}
Books
 b - a book of Frost

   Spells                             Type                      Level
   a - Freeze                         Ice                          1
   b - Throw Frost                    Conjuration/Ice              2
   c - Ozocubu's Armour               Charms/Ice                   3
   d - Throw Icicle                   Conjuration/Ice              4
   e - Summon Ice Beast               Ice/Summoning                4
 y - a book of Callings

   Spells                             Type                      Level
   a - Summon Small Mammal            Summoning                    1
   b - Call Imp                       Summoning                    2
   c - Call Canine Familiar           Summoning                    3
   d - Summon Guardian Golem          Hexes/Summoning              3
   e - Summon Lightning Spire         Summoning/Air                4
   f - Summon Ice Beast               Ice/Summoning                4
Comestibles
 c - 3 bread rations
 j - a beef jerky
 p - 5 fruits


   Skills:
 - Level 2.6 Dodging
 - Level 2.1 Stealth
 - Level 7.1 Spellcasting
 + Level 3.6 Conjurations
 - Level 9.2 Ice Magic


You had 8 spell levels left.
You knew the following spells:

 Your Spells              Type           Power        Failure   Level  Hunger
a - Freeze                Ice            ####         1%          1    None
b - Throw Frost           Conj/Ice       ####..       1%          2    None
d - Summon Ice Beast      Ice/Summ       ###.....     21%         4    ####...
x - Throw Icicle          Conj/Ice       ####....     10%         4    ####...
A - Ozocubu's Armour      Chrm/Ice       ###.....     8%          3    ##.....


Dungeon Overview and Level Annotations

Branches:
Dungeon (6/15)             Temple (1/1) D:6

Altars:
Ashenzari
Dithmenos
Fedhas
Hepliaklqana
Makhleb
Nemelex Xobeh
Qazlal
Ru
Sif Muna
Trog
Uskayaw
Vehumet
Xom
Yredelemnul
Zin
The Shining One

Shops:
D:4 *

Annotations:
D:6 Menkaure


Message History

You struggle to resist.
Attack whom?
Press: ? - help, Dir - move target cursor, f - Menkaure
Aim: Menkaure You reach to attack!
You barely miss Menkaure. You hit Menkaure.
Menkaure is lightly damaged.
Menkaure calls on the powers of darkness!
Your body is wracked with pain!
* * * LOW HITPOINT WARNING * * *
Your ice beast convulses!
Unknown command.
Your ice beast hits Menkaure.
Your ice beast freezes Menkaure.
Menkaure resists.
You are too injured to fight recklessly!
You barely miss Menkaure.
Menkaure is moderately damaged.
Your ice beast hits Menkaure but does no damage.
Menkaure hits you!!
You die...

##........## ##..# ###
#>........####..###..##
##.........##..##.....#
##......#.#..##......#
##....##...##.......#
###.. ##.##.?......##
### #.#..........#
#.#..........#
#....@M......#
#.....Y......#
#............#
#...........##
##..........#
#.#.........#
#.###........# .#
#........#


You could see Menkaure and a friendly ice beast.

Vanquished Creatures
  Pikel (D:4)
  An ice beast (D:5)
  A sky beast (D:4)
  A necrophage (D:5)
  2 ogres
  2 giant frogs
  A scorpion (D:5)
  A water moccasin zombie (D:5)
  A crimson imp (D:5)
  3 hounds
  A giant frog zombie (D:5)
  An orc priest (D:4)
  A giant frog skeleton (D:4)
  5 orc wizards
  Jessica (D:2)
  Natasha (thrice) (D:2)
  2 iguanas
  5 worker ants
  A hound skeleton (D:5)
  A worker ant zombie (D:5)
  4 gnolls (D:3)
  3 adders
  3 shadow imps
  An ooze (D:2)
  An adder skeleton (D:4)
  A worm (D:2)
  4 giant geckos
  18 orcs
  A ball python (D:2)
  2 giant cockroaches
  10 goblins
  11 hobgoblins
  13 jackals
  6 quokkas
  7 bats
  5 giant newts
  A jackal skeleton (D:4)
  9 kobolds
  6 rats
141 creatures vanquished.

Vanquished Creatures (others)
  An iguana (D:4)
  3 jackals (D:4)
4 creatures vanquished.

Grand Total: 145 creatures vanquished

Notes
Turn   | Place    | Note
-------+----------+-------------------------------------------
     0 | D:1      | TheGoonsmith the Merfolk Ice Elementalist began the quest for the Orb.
     0 | D:1      | Reached XP level 1. HP: 13/13 MP: 3/3
   268 | D:1      | Reached XP level 2. HP: 15/19 MP: 0/5
   273 | D:1      | Reached skill level 4 in Ice Magic
   570 | D:1      | Learned a level 2 spell: Throw Frost
  1067 | D:1      | Reached XP level 3. HP: 22/24 MP: 3/6
  1384 | D:2      | Reached skill level 5 in Ice Magic
  1478 | D:2      | Noticed Natasha
  1483 | D:2      | Killed Natasha
  1483 | D:2      | Reached XP level 4. HP: 25/30 MP: 3/7
  1608 | D:2      | Noticed Natasha
  1616 | D:2      | Killed Natasha
  1686 | D:2      | Noticed Natasha
  1694 | D:2      | Killed Natasha
  1694 | D:2      | Reached skill level 6 in Ice Magic
  1694 | D:2      | Reached XP level 5. HP: 13/35 MP: 0/8
  1768 | D:2      | Learned a level 3 spell: Ozocubu's Armour
  1988 | D:2      | Noticed Jessica
  1993 | D:2      | Killed Jessica
  2681 | D:3      | Reached skill level 7 in Ice Magic
  2826 | D:3      | Reached skill level 1 in Conjurations
  2836 | D:3      | Reached XP level 6. HP: 10/41 MP: 0/9
  4348 | D:4      | Found Ekoazosk's Assorted Antiques.
  4351 | D:4      | Bought a scroll labeled HELOTS TEDUJ for 28 gold pieces
  4351 | D:4      | Bought a fuming puce potion for 25 gold pieces
  4363 | D:4      | Reached skill level 8 in Ice Magic
  4369 | D:4      | Reached XP level 7. HP: 20/46 MP: 0/10
  4551 | D:4      | Noticed Pikel
  4567 | D:4      | Killed Pikel
  4567 | D:4      | Reached skill level 5 in Spellcasting
  4567 | D:4      | Reached XP level 8. HP: 15/52 MP: 0/15
  4799 | D:4      | Learned a level 4 spell: Throw Icicle
  4804 | D:4      | Learned a level 4 spell: Summon Ice Beast
  5914 | D:5      | Entered Level 5 of the Dungeon
  6476 | D:5      | Reached skill level 9 in Ice Magic
  6476 | D:5      | Reached XP level 9. HP: 46/55 MP: 6/19
  7443 | D:6      | Found a staircase to the Ecumenical Temple.
  7460 | Temple   | Entered the Ecumenical Temple
  7630 | D:6      | Found a hide-covered altar of Uskayaw.
  7640 | D:6      | Found a burning altar of Makhleb.
  7641 | D:6      | Found a stormy altar of Qazlal.
  7642 | D:6      | Found a bloodstained altar of Trog.
  7643 | D:6      | Found a shattered altar of Ashenzari.
  7644 | D:6      | Found a glowing silver altar of Zin.
  7645 | D:6      | Found a radiant altar of Vehumet.
  7655 | D:6      | Became a worshipper of Makhleb the Destroyer
  7769 | D:6      | Noticed Menkaure
  7778 | D:6      | Slain by Menkaure

Vault maps used:
D:1:      saegor_arrival_simple_a, hangedman_decor_riveting,
          grunt_decor_arrowhead
D:2:      uniq_jessica, uniq_natasha
D:4:      first_bread, serial_shops, nicolae_shop_behind_doors,
          minmay_misc_feat_pillars, minmay_misc_feat_alley, uniq_pikel
D:5:      kennysheep_opposing_triangles
D:6:      grunt_gozag_statues, slow_altar_2, minitemple, uniq_menkaure
Temple:   kb_temple_of_zot

Skill      XL: |  1  2  3  4  5  6  7  8  9 |
---------------+----------------------------+-----
Ice Magic      | 4 5 6 7 8 9 |  9.2
Conjurations   | 1 3 |  3.6
Spellcasting   | 5 7 |  7.1
Dodging        | |  2.6
Stealth        | |  2.1

Action                   |  1- 3 |  4- 6 |  7- 9 || total
-------------------------+-------+-------+-------++-------
Melee: Unarmed           |     4 |       |       ||     4
       Short sword       |    12 |       |       ||    12
       Dagger            |    19 |    11 |       ||    30
       Trident           |       |    35 |   119 ||   154
 Cast: Freeze            |    49 |   103 |   101 ||   253
       Ozocubu's Armour  |       |       |    12 ||    12
       Throw Frost       |       |       |     2 ||     2
       Summon Ice Beast  |       |       |     1 ||     1
  Use: Scroll            |       |     7 |     3 ||    10
       Potion            |       |     1 |       ||     1
 Stab: Sleeping          |       |     2 |     1 ||     3
       Distracted        |       |     1 |       ||     1
  Eat: Chunk             |     3 |    10 |     8 ||    21
       Meat ration       |       |       |     1 ||     1
Armor: Robe              |    11 |    16 |    50 ||    77
Dodge: Dodged            |    51 |    62 |   119 ||   232
